 Dungeon Crawl Stone Soup version 0.23-a0-422-g30b1108 (webtiles) character file.

133 galech the Skirmisher (level 4, -1/35 HPs)
             Began as a Demonspawn Fighter on Nov 14, 2018.
             Slain by Sigmund
             ... wielding a +0 scythe
              (10 damage)
             ... on level 3 of the Dungeon.
             The game lasted 00:03:05 (2941 turns).

galech the Skirmisher (Demonspawn Fighter)          Turns: 2941, Time: 00:03:06

Health: -1/35      AC: 11    Str: 21    XL:     4   Next: 93%
Magic:  4/4        EV:  8    Int: 10    God:
Gold:   181        SH: 10    Dex: 13    Spells: 3/3 levels left

rFire    . . .     SeeInvis .   a - +0 war axe
rCold    . . .     Gourm    .   o - +1 shield {AC+3}
rNeg     . . .     Faith    .   b - +0 scale mail
rPois    .         Spirit   .   (no helmet)
rElec    .         Reflect  .   (no cloak)
rCorr    .         Harm     .   (no gloves)
MR       .....                  (no boots)
Stlth    ..........             (no amulet)
HPRegen  0.11/turn              l - +2 ring of protection
MPRegen  0.09/turn              (no ring)

@: mighty
A: powered by death 1
a: no special abilities


You were on level 3 of the Dungeon.
You were not hungry.

You visited 1 branch of the dungeon, and saw 3 of its levels.

You collected 181 gold pieces.

Inventory:

Hand Weapons
 a - a +0 war axe (weapon)
Armour
 b - a +0 scale mail (worn)
 o - a +1 shield of protection (worn)
Jewellery
 l - a +2 ring of protection (left hand)
Scrolls
 c - a scroll of noise {unknown}
 e - a scroll of remove curse {unknown}
 h - 3 scrolls of teleportation {unknown}
 i - 4 scrolls of identify {unknown}
 k - a scroll of immolation {unknown}
 q - a scroll of fear {unknown}
Potions
 d - 2 potions of might
 j - a potion of agility {unknown}
 m - a potion of flight {unknown}
 n - a potion of brilliance {unknown}
 p - a potion of magic {unknown}
 r - a potion of haste {unknown}
 s - 2 potions of heal wounds {unknown}
 t - a potion of curing {unknown}
Comestibles
 f - 4 rations


   Skills:
 + Level 3.3 Fighting
 + Level 3.1 Axes
 + Level 3.3 Armour
 + Level 1.2 Dodging
 + Level 3.3 Shields


You had 3 spell levels left.
You didn't know any spells.
Your spell library was empty.

Dungeon Overview and Level Annotations

Branches:
Dungeon (3/15)

Altars:
Ashenzari

Annotations:
D:3 Sigmund


Innate Abilities, Weirdness & Mutations

You regenerate a little health from kills.


Message History

You slash something! Something hits you but does no damage.
You barely miss something. You block something's attack.
You miss something. Something hits you but does no damage.
You barely miss something. Something hits you.
You slash something! Something hits you but does no damage.
Your shield prevents you from hitting something.
Something hits you.
You closely miss something. Something hits you but does no damage.
You closely miss something. Something hits you but does no damage.
You miss something. Something hits you.
* * * LOW HITPOINT WARNING * * *
You closely miss something.
Sigmund appears from thin air!
Reactivating autopickup.
You barely miss Sigmund.
Sigmund is severely wounded.
You block Sigmund's attack.
You completely miss Sigmund.
Sigmund is severely wounded.
Sigmund hits you with a +0 scythe!
You die...

#... #######..
........
#.....####+####
#.....#≈≈≈§≈≈≈#
#.....#≈##.##≈#
#.....#≈#.#.#≈###
#..@@.'..#≈#..'.#
#####'#≈#.#.#≈#.#
...#≈##.##≈#.#
#####§≈≈.≈≈≈#.#####
#### ####......
####... ##... #....
#....


You could see Sigmund.

Vanquished Creatures
  4 adders
  An ooze (D:1)
  2 worms (D:2)
  4 dart slugs
  A leopard gecko (D:3)
  An orc (D:3)
  3 giant cockroaches
  7 goblins
  17 hobgoblins
  3 jackals (D:2)
  10 kobolds
  9 bats
  7 frilled lizards
  5 rats
74 creatures vanquished.

Vanquished Creatures (others)
  5 toadstools (D:1)
5 creatures vanquished.

Grand Total: 79 creatures vanquished

Notes
Turn   | Place    | Note
-------+----------+-------------------------------------------
     0 | D:1      | galech the Demonspawn Fighter began the quest for the Orb.
     0 | D:1      | Reached XP level 1. HP: 18/18 MP: 1/1
   417 | D:1      | Gained mutation: You regenerate a little health from kills.
                  | [demonic ancestry]
   417 | D:1      | Reached XP level 2. HP: 6/24 MP: 2/2
   901 | D:1      | Reached XP level 3. HP: 28/29 MP: 3/3
  1686 | D:2      | Reached XP level 4. HP: 34/35 MP: 4/4
  1696 | D:2      | Reached skill level 1 in Dodging
  2492 | D:3      | Found a shattered altar of Ashenzari.
  2918 | D:3      | Noticed Sigmund
  2941 | D:3      | Slain by Sigmund

Vault maps used:
D:1:      ldierk_walled_garden, minmay_pentomino_q4
D:2:      nrook_uturn, chequers_serial_rivers_micro_e, corexii_corridor_pit
D:3:      ashenzari_conservatory_becter, kennysheep_generic_room_9,
          uniq_sigmund, uniq_robin

Skill      XL: |  1  2  3  4 |
---------------+-------------+-----
Armour         | 3 |  3.3
Axes           | 2 3 |  3.1
Shields        | 3 |  3.3
Dodging        | 1 |  1.2
Fighting       | |  3.3

Action                   |  1- 3 |  4- 6 || total
-------------------------+-------+-------++-------
Melee: War axe           |   174 |   138 ||   312
  Use: Potion            |       |     1 ||     1
  Eat: Chunk             |     3 |     4 ||     7
Armor: Scale mail        |    94 |    64 ||   158
Dodge: Dodged            |    62 |    36 ||    98
Block: Shield            |   107 |    77 ||   184

Table legend:
 A = Non-vault XP
 B = Vault XP
 C = Vault XP percentage of total XP
 D = Non-vault monster count
 E = Vault monster count
 F = Vault count percentage of total count
                 A         B        C        D         E       F
            +---------+---------+-------+---------+---------+-------
      Total |     178 |      12 |   6.3 |      70 |       4 |   5.4
            +---------+---------+-------+---------+---------+-------
        D:1 |      33 |      12 |  26.7 |      20 |       4 |  16.7
        D:2 |      94 |       0 |   0.0 |      29 |       0 |   0.0
        D:3 |      51 |       0 |   0.0 |      21 |       0 |   0.0
            +---------+---------+-------+---------+---------+-------
